 Dungeon Crawl Stone Soup version 0.32-a0-953-g508020473e (webtiles) character file.

Game seed: 4059409085490136404

87 Skitler the Trooper (level 4, -2/40 HPs)
             Began as a Mountain Dwarf Fighter on Apr 17, 2024.
             Slain by Grinder (3 damage)
             ... on level 3 of the Dungeon.
             The game lasted 00:05:13 (1894 turns).

Skitler the Trooper (Mountain Dwarf Fighter)        Turns: 1894, Time: 00:05:14

Health: -2/40      AC:  8    Str: 21    XL:     4   Next: 28%
Magic:  4/4        EV:  8    Int:  8    God:
Gold:   129        SH:  4    Dex:  9    Spells: 3/3 levels left

rFire   . . .        a - +0 war axe
rCold   + . .        c - +0 buckler
rNeg    . . .        b - +0 scale mail
rPois   .            (no helmet)
rElec   .            (no cloak)
rCorr   +            (no gloves)
SInv    .            h - +0 pair of boots
Will    .....        (no amulet) Stlth
                     g - ring of resist corrosion
HPRegen 0.26/turn    p - ring of protection from cold
MPRegen 0.09/turn

%: no passive effects
@: no status effects
A: runic magic, artefact enchanting
a: no special abilities


You were on level 3 of the Dungeon.
You visited 1 branch of the dungeon, and saw 3 of its levels.

You collected 129 gold pieces.

Inventory:

Hand Weapons
 a - a +0 war axe (weapon)
Armour
 b - a +0 scale mail (worn)
 c - a +0 buckler (worn)
 h - a +0 pair of boots (worn)
Jewellery
 g - a ring of resist corrosion (left hand)
 p - a ring of protection from cold (right hand)
Scrolls
 f - a scroll of butterflies {unknown}
 i - a scroll of identify {unknown}
 j - a scroll of fog {unknown}
 k - a scroll of amnesia {unknown}
 l - a scroll of immolation {unknown}
 n - a scroll of fear {unknown}
 o - a scroll of noise {unknown}
Potions
 d - a potion of might
 e - 2 potions of curing
 q - a potion of invisibility {unknown}
 r - a potion of berserk rage {unknown}
 s - 2 potions of attraction {unknown}


   Skills:
 * Level 4.0 Fighting
 * Level 3.9 Axes
 + Level 3.8 Armour
 * Level 3.8 Shields


You had 3 spell levels left.
You didn't know any spells.
Your spell library contained the following spells:

 Spells                   Type           Power      Damage    Failure   Level
 Magic Dart               Conj           0%         1d3       56%         1
 Blink                    Tloc           0%         N/A       71%         2
 Call Imp                 Summ           0%         N/A       71%         2


Dungeon Overview and Level Annotations

Branches:
Dungeon (3/15)

Altars:
Okawaru
Zin

Annotations:
D:3 Grinder


Innate Abilities, Weirdness & Mutations

Your spellcasting is much less encumbered by armour.
You can use scrolls of enchantment on lesser artefacts.


Message History

The silver javelin pierces through Grinder.
The silver sears Grinder!
Grinder is severely wounded.
Grinder gestures at you. Pain shoots through your body!
Throw: javelin (silver)
Press: ? - help, Q - select action Shift-Dir - straight line, f/p - Grinder
Aim: Grinder (severely wounded, 47% to hit, chaotic)
You throw a silver javelin.
The silver javelin barely misses Grinder.
Unknown command.
You barely miss Grinder.
Grinder is severely wounded.
Grinder hits you.
You writhe in agony.
Grinder blinks!
m - a silver javelin Grinder hits you.
You writhe in agony.
Throw: javelin (silver)
Press: ? - help, Q - select action Shift-Dir - straight line, f/p - Grinder
Aim: Grinder (severely wounded, 47% to hit, chaotic)
You throw a silver javelin.
The silver javelin barely misses Grinder.
Grinder says, "Mostly I couldn't keep them alive."
Grinder gestures at you.
You suddenly lose the ability to move!
Grinder hits you but does no damage. x2
Grinder hits you.
* * * LOW HITPOINT WARNING * * *
You writhe in agony.
* * * LOW HITPOINT WARNING * * *
Grinder hits you.
* * * LOW HITPOINT WARNING * * *
You writhe in agony.
* * * LOW HITPOINT WARNING * * *
You can move again.
Unknown command.
It was a potion of curing.
You feel better. Grinder hits you.
* * * LOW HITPOINT WARNING * * *
You writhe in agony.
You die...
Grinder says, "Hey, I wasn't done torturing you yet!"

)'....[..)..#
###†#.# #.#
#############
#.#.# #.# ...#
#####.#.# #.#
♣♣.# .>##.#.#.#
[♣.# #.#......#
♣..# #.#.<#.###.
.♣.# .
#....5....( ♣♣.#
....###5#########
...#
........@........
####
####.##.#########
# #.# #.# #.# #.#
#(# #.#


You could see Grinder.

Vanquished Creatures
  2 adders (D:2)
  A ribbon worm (D:2)
  4 orcs (D:3)
  6 bats
  3 endoplasms
  2 giant cockroaches (D:1)
  8 goblins
  7 hobgoblins
  4 jackals (D:1)
  A quokka (D:2)
  5 ball pythons
  4 frilled lizards
  4 kobolds
  6 rats
57 creatures vanquished.

Notes
Turn   | Place    | Note
-------+----------+-------------------------------------------
     0 | D:1      | Skitler the Mountain Dwarf Fighter began the quest for the
                  | Orb.
     0 | D:1      | Reached XP level 1. HP: 19/19 MP: 1/1
   128 | D:1      | Reached XP level 2. HP: 26/26 MP: 2/2
   464 | D:1      | Reached XP level 3. HP: 28/33 MP: 3/3
  1207 | D:2      | Reached XP level 4. HP: 39/40 MP: 4/4
  1744 | D:3      | Found a glowing silver altar of Zin.
  1747 | D:3      | Found an iron altar of Okawaru.
  1805 | D:3      | Reached skill level 4 in Fighting
  1875 | D:3      | Noticed Grinder
  1889 | D:3      | Paralysed by Grinder for 5 turns
  1893 | D:3      | HP: 1/40 [Grinder (6)]
  1894 | D:3      | Slain by Grinder

Illustrated notes

Levels and vault maps discovered:
D:1:      sevenhm_arrival_forest_fort_large_1, layout_loops_ring
D:2:      layout_basic, minmay_misc_feat_roman
D:3:      kennysheep_slugbush, layout_basic,
          chequers_temple_overflow_statue_of_worship, kennysheep_generic_room_9,
          uniq_grinder

Skill      XL: |  1  2  3  4 |
---------------+-------------+-----
Axes           | 3 |  3.9
Fighting       | 4 |  4.0
Armour         | |  3.8
Shields        | |  3.8

Action                     |  1- 3 |  4- 6 || total
---------------------------+-------+-------++-------
  Melee: War axe           |   133 |    47 ||   180
  Throw: Javelin           |       |     7 ||     7
    Use: Potion            |       |     1 ||     1
 Armour: Scale mail        |   119 |    45 ||   164
  Dodge: Dodged            |    59 |    29 ||    88
  Block: Buckler           |    35 |    12 ||    47

Table legend: (Time is in decaauts)
 A = Elapsed time spent in this place.
 B = Non-inter-level travel time spent in this place.
 C = Inter-level travel time spent in this place.
 D = Time resting spent in this place.
 E = Time spent auto-exploring this place.
 F = Levels seen in this place.
 G = Mean time per level.
                   A        B        C        D        E       F      G
               +--------+--------+--------+--------+--------+-----+--------+
         Total |   1968 |   1914 |     54 |     21 |   1394 |   3 |  656.0 |
       Dungeon |   1968 |   1914 |     54 |     21 |   1394 |   3 |  656.0 |
               +--------+--------+--------+--------+--------+-----+--------+

Top non-repeatable levels by time:
     D:1: 949 daAuts
     D:2: 856 daAuts
     D:3: 163 daAuts
